 Dungeon Crawl Stone Soup version 0.30-a0-883-g5ad918d77d (webtiles) character file.

Game seed: 3045316924034008147

132 Pimp the Chopper (level 4, 0/35 HPs)
             Began as a Demonspawn Gladiator on Mar 17, 2023.
             Killed by nerve-wracking pain
             ... invoked by Jessica
              (7 damage)
             ... on level 2 of the Dungeon.
             The game lasted 00:05:36 (1593 turns).

Pimp the Chopper (Demonspawn Gladiator)             Turns: 1593, Time: 00:05:37

Health: 0/35       AC: 10    Str: 16    XL:     4   Next: 92%
Magic:  4/4        EV: 12    Int: 10    God:
Gold:   135        SH:  4    Dex: 14    Spells: 3/3 levels left

rFire   . . .      SeeInvis .    a - +0 war axe
rCold   . . .      Faith    .    (no shield)
rNeg    . . .      Spirit   .    h - +0 ring mail
rPois   .          Reflect  .    c - +0 helmet
rElec   .          Rampage  .    (no cloak)
rCorr   .                        (no gloves)
Will    .....                    (no boots)
Stlth   +                        (no amulet)
HPRegen 0.25/turn                (no ring)
MPRegen 0.18/turn                (no ring)

@: no status effects
A: icemail 1, magic regeneration, condensation shield
a: no special abilities


You were on level 2 of the Dungeon.
You visited 1 branch of the dungeon, and saw 3 of its levels.

You collected 135 gold pieces.

Inventory:

Hand Weapons
 a - a +0 war axe (weapon)
Missiles
 d - 3 throwing nets (quivered)
 e - a javelin
 s - 2 boomerangs
Armour
 b - a +0 leather armour
 c - a +0 helmet (worn)
 h - a +0 ring mail (worn)
Jewellery
 k - a ring of fire
Scrolls
 g - a scroll of identify {unknown}
 i - a scroll of butterflies {unknown}
 l - 3 scrolls of teleportation {unknown}
 p - a scroll of enchant armour {unknown}
 q - a scroll of brand weapon {unknown}
 r - a scroll of noise {unknown}
 t - a scroll of poison {unknown}
Potions
 m - a potion of invisibility {unknown}
 n - a potion of brilliance {unknown}
 o - a potion of degeneration {unknown}


   Skills:
 + Level 3.0 Fighting
 + Level 3.5 Axes
 + Level 2.7 Throwing
 + Level 3.5 Dodging


You had 3 spell levels left.
You didn't know any spells.
Your spell library contained the following spells:

 Spells                   Type           Power      Damage    Failure   Level
 Apportation              Tloc           0%         N/A       58%         1
 Alistair's Intoxication  Tmut/Pois      0%         N/A       100%        5


Dungeon Overview and Level Annotations

Branches:
Dungeon (3/15)

Altars:
Gozag

Annotations:
D:2 Jessica
D:3 Ijyb


Innate Abilities, Weirdness & Mutations

A meltable icy envelope protects you from harm. (AC +4)
You regenerate magic rapidly.
A meltable shield of frost defends you. (SH +4)


Message History

Things that are here:
a +0 robe; a +0 dagger; an orc corpse It was a potion of curing.
You feel better. Jessica hits you with a +0 dagger. You block the orc's attack.
You block Jessica's attack.
You hit Jessica. You punch Jessica, but do no damage.
Jessica is heavily wounded.
You closely miss the orc. The orc hits you but does no damage.
Jessica casts a spell at you. Pain shoots through your body!
The orc hits you with a +0 hand axe.
Jessica mumbles some strange words.
Jessica blinks!
You hit the orc.
You kill the orc!
Items here: )) [ †.
Jessica hits you but does no damage.
You barely miss Jessica.
Jessica is heavily wounded.
Jessica hits you with a +0 dagger. x2
You hit Jessica.
Jessica is severely wounded.
Jessica hits you with a +0 dagger.
* * * LOW HITPOINT WARNING * * *
Jessica points at you and mumbles some strange words.
You resist with some effort.
You hit Jessica.
Jessica is almost dead.
Jessica mumbles some strange words.
Jessica blinks!
You barely miss Jessica.
Jessica is almost dead.
Jessica hits you but does no damage. Jessica barely misses you.
You hit Jessica but do no damage.
Jessica is almost dead.
Jessica hits you but does no damage. Jessica hits you with a +0 dagger.
* * * LOW HITPOINT WARNING * * *
You closely miss Jessica.
Jessica is almost dead.
Jessica casts a spell at you. Pain shoots through your body!
You die...

#######...###
#........## #
#.######.#### #.#
#...## ###########.#
###.## #..>).......#
#..# #...).......# ##..
#..........## ###
#.....@@...###########.
#.....................)
#..........#####.......
#..........####.......#
####......#...........#
#......#.####......#
#..................#
#........####.......
#......### #......##


You could see Jessica (fast).

Vanquished Creatures
  An orc priest (D:3)
  An orc wizard (D:2)
  2 adders (D:2)
  A worm (D:2)
  3 orcs (D:2)
  4 endoplasms
  3 giant cockroaches
  4 hobgoblins
  A quokka (D:2)
  8 ball pythons
  7 bats
  2 frilled lizards (D:2)
  6 goblins
  8 kobolds
  7 rats
58 creatures vanquished.

Notes
Turn   | Place    | Note
-------+----------+-------------------------------------------
     0 | D:1      | Pimp the Demonspawn Gladiator began the quest for the Orb.
     0 | D:1      | Reached XP level 1. HP: 16/16 MP: 1/1
   403 | D:1      | Gained mutation: A meltable shield of frost defends you.
                  | (SH +4) [demonic ancestry]
   403 | D:1      | Reached XP level 2. HP: 22/22 MP: 2/2
   917 | D:1      | Gained mutation: A meltable icy envelope protects you from
                  | harm. (AC +4) [demonic ancestry]
   917 | D:1      | Reached XP level 3. HP: 26/28 MP: 3/3
  1125 | D:2      | Found an opulent altar of Gozag.
  1200 | D:2      | Gained mutation: You regenerate magic rapidly. [demonic
                  | ancestry]
  1200 | D:2      | Reached XP level 4. HP: 33/34 MP: 4/4
  1467 | D:3      | Noticed Ijyb
  1501 | D:3      | Noticed Jessica
  1577 | D:3      | Paralysed by Ijyb for 3 turns
  1593 | D:2      | Killed from afar by Jessica

Illustrated notes

Levels and vault maps discovered:
D:1:      dpeg_arrival_windows_large_door, layout_basic, minmay_tetromino_l2
D:2:      layout_rooms, basic_altar
D:3:      layout_basic, uniq_ijyb, uniq_jessica

Skill      XL: |  1  2  3  4 |
---------------+-------------+-----
Throwing       | 2 |  2.7
Dodging        | 3 |  3.5
Axes           | 3 |  3.5
Fighting       | 3 |  3.0

Action                     |  1- 3 |  4- 6 || total
---------------------------+-------+-------++-------
  Melee: War axe           |   140 |    46 ||   186
         Punch             |     1 |     1 ||     2
    Use: Scroll            |       |     1 ||     1
         Potion            |       |     1 ||     1
 Armour: Ring mail         |    65 |    47 ||   112
         Leather armour    |     6 |       ||     6
  Dodge: Dodged            |   131 |    20 ||   151
  Block: Other             |    26 |     7 ||    33

Table legend: (Time is in decaauts)
 A = Elapsed time spent in this place.
 B = Non-inter-level travel time spent in this place.
 C = Inter-level travel time spent in this place.
 D = Time resting spent in this place.
 E = Time spent auto-exploring this place.
 F = Levels seen in this place.
 G = Mean time per level.
                   A        B        C        D        E       F      G
               +--------+--------+--------+--------+--------+-----+--------+
         Total |   1658 |   1636 |     22 |    198 |    884 |   3 |  552.7 |
       Dungeon |   1658 |   1636 |     22 |    198 |    884 |   3 |  552.7 |
               +--------+--------+--------+--------+--------+-----+--------+

Top non-repeatable levels by time:
     D:1: 984 daAuts
     D:2: 514 daAuts
     D:3: 159 daAuts
